 Dungeon Crawl Stone Soup version 0.31-a0-521-gc7390f8997 (webtiles) character file.

Game seed: 6216382593684072352

66 CraigForest the Slasher (level 4, -2/34 HPs)
             Began as a Formicid Gladiator on Aug 11, 2023.
             Slain by a gnoll
             ... wielding a +0 halberd
              (10 damage)
             ... on level 2 of the Dungeon.
             The game lasted 00:05:42 (1497 turns).

CraigForest the Slasher (Formicid Gladiator)        Turns: 1497, Time: 00:05:43

Health: -2/34      AC:  5    Str: 19    XL:     4   Next: 37%
Magic:  4/4        EV: 12    Int:  7    God:
Gold:   59         SH:  0    Dex: 17    Spells: 3/3 levels left

rFire   . . .        a - +0 long sword
rCold   . . .        (no shield)
rNeg    . . .        l - +0 ring mail
rPois   .            (helmet unavailable)
rElec   .            (no cloak)
rCorr   .            (no gloves)
SInv    +            (no boots)
Will    .....        (no amulet)
Stlth   +            (no ring)
HPRegen 0.25/turn    (no ring)
MPRegen 0.09/turn

%: no passive effects
@: no status effects
A: permanent stasis, dig shafts and tunnels, antennae 3, four strong arms
a: Dig, Shaft Self


You were on level 2 of the Dungeon.
You visited 1 branch of the dungeon, and saw 2 of its levels.

You collected 87 gold pieces.
You spent 28 gold pieces at shops.

Inventory:

Hand Weapons
 a - a +0 long sword (weapon)
Missiles
 c - 3 throwing nets (quivered)
 d - a javelin
Armour
 b - a +0 leather armour
 l - a +0 ring mail (worn)
Scrolls
 e - a scroll of fear {unknown}
 f - a scroll of teleportation {unknown}
 k - a scroll of enchant armour {unknown}
Potions
 g - 2 potions of curing
 h - a potion of mutation
 i - a potion of enlightenment {unknown}
 m - a potion of brilliance
 n - 2 potions of heal wounds {unknown}


   Skills:
 + Level 2.4 Fighting
 + Level 3.5 Long Blades
 + Level 2.3 Throwing
 + Level 1.6 Armour
 + Level 3.3 Dodging


You had 3 spell levels left.
You didn't know any spells.
Your spell library contained the following spells:

 Spells                   Type           Power      Damage    Failure   Level
 Lesser Beckoning         Tloc           0%         N/A       77%         2
 Static Discharge         Conj/Air       0%         2-2/arc   77%         2
 Gell's Gravitas          Tloc           0%         N/A       94%         3
 Teleport Other           Tloc           0%         N/A       94%         3
 Airstrike                Air            0%         2d(0-16)  100%        4
 Summon Lightning Spire   Summ/Air       0%         N/A       100%        4


Dungeon Overview and Level Annotations

Branches:
Dungeon (2/15)

Altars:

Shops:
D:1 ?((:


Innate Abilities, Weirdness & Mutations

You cannot be hasted, slowed, berserked, paralysed or teleported.
You can dig through walls and to a lower floor.
You have a pair of large antennae on your head. (SInv)
Your four strong arms can wield two-handed weapons with a shield.


Message History

The gnoll hits you from afar with a +0 halberd!
The gnoll hits you with a +0 halberd!
You slash the gnoll!
The gnoll is severely wounded.
The gnoll hits you but does no damage. The gnoll hits you with a +0 halberd.
You are too injured to fight recklessly!
You are too injured to fight recklessly!
You are too injured to fight recklessly!
You are too injured to fight recklessly!
You are too injured to fight recklessly!
You are too injured to fight recklessly!
You are too injured to fight recklessly!
You are too injured to fight recklessly!
You are too injured to fight recklessly!
You are too injured to fight recklessly!
You are too injured to fight recklessly!
You are too injured to fight recklessly!
You are too injured to fight recklessly!
You are too injured to fight recklessly!
You are too injured to fight recklessly!
You are too injured to fight recklessly!
You are too injured to fight recklessly!
You are too injured to fight recklessly!
You closely miss the gnoll.
The gnoll is severely wounded.
The gnoll misses you. The gnoll closely misses you.
The gnoll hits you from afar with a +0 spear.
A goblin comes into view. It is wielding a +0 dagger.
The goblin shouts!
You slash the gnoll!
You kill the gnoll!
The gnoll hits you from afar with a +0 spear.
* * * LOW HITPOINT WARNING * * *
The gnoll barely misses you.
The gnoll hits you from afar with a +0 halberd.
* * * LOW HITPOINT WARNING * * *
A dart slug comes into view.
You see here a +0 club.
The gnoll hits you from afar with a +0 halberd!
You die...

#.##...##.#.###...#
####..
...'†..+......'...',
......
#.##...##.#.###...##
####.#
...>..†.....## #)w.#
#.# ...#####.....#
#...# #.# ..)#
#.....# #...# #.#
...# #.....###ggg#
#.# ...#
##+#....'...# #..
{.## #.#.####@).#
##.# .###
#.#.#<..#'## #..#
...#### #.#.....#.#
#..#
##....###.#######.#
##..#
####..##.........#
#...#
###......#######
#.#.# #......#..##
###.#.#
#.####.##..#########
#...#.# #.#
#.###.##......#
#.###.#


You could see 2 gnolls, a dart slug and a goblin.

Vanquished Creatures
  3 adders (D:2)
  A gnoll (D:2)
  2 dart slugs
  An endoplasm (D:2)
  2 giant cockroaches (D:1)
  A goblin (D:1)
  3 hobgoblins
  4 quokkas
  A ball python (D:1)
  2 bats (D:1)
  A frilled lizard (D:2)
  4 kobolds
  3 rats (D:1)
28 creatures vanquished.

Notes
Turn   | Place    | Note
-------+----------+-------------------------------------------
     0 | D:1      | CraigForest the Formicid Gladiator began the quest for the
                  | Orb.
     0 | D:1      | Reached XP level 1. HP: 16/16 MP: 1/1
    49 | D:1      | Found Waef's Weapon Shoppe.
   100 | D:1      | Found Nof Owige's Book Shop.
   301 | D:1      | Reached XP level 2. HP: 22/22 MP: 2/2
   309 | D:1      | Found Kexip's Weapon Emporium.
   389 | D:1      | Found a faded altar of an unknown god.
   482 | D:1      | Found Hefi's Magic Scroll Shop.
   485 | D:1      | Bought a scroll of identify for 28 gold pieces
   534 | D:1      | Reached XP level 3. HP: 17/28 MP: 3/3
  1264 | D:2      | Reached skill level 1 in Armour
  1267 | D:2      | Reached XP level 4. HP: 33/34 MP: 4/4
  1497 | D:2      | Slain by a gnoll

Illustrated notes

Levels and vault maps discovered:
D:1:      minmay_arrival_stone_box, layout_basic,
          shapermc_ecumenical_altar_pompeii, serial_shops,
          nicolae_shop_rolled_up, nicolae_shop_tiny_waterfront,
          nicolae_shop_rolling_square, nicolae_shop_rolling_square,
          minmay_small_reverse_x
D:2:      layout_basic

Skill      XL: |  1  2  3 |
---------------+----------+-----
Dodging        | 3 |  3.3
Armour         | 1 |  1.6
Fighting       | |  2.4
Long Blades    | |  3.5
Throwing       | |  2.3

Action                     |  1- 3 |  4- 6 || total
---------------------------+-------+-------++-------
  Melee: Long sword        |    66 |     3 ||    69
    Use: Scroll            |     2 |     2 ||     4
 Armour: Leather armour    |    14 |       ||    14
         Ring mail         |       |     1 ||     1
  Dodge: Dodged            |    46 |     3 ||    49

Table legend: (Time is in decaauts)
 A = Elapsed time spent in this place.
 B = Non-inter-level travel time spent in this place.
 C = Inter-level travel time spent in this place.
 D = Time resting spent in this place.
 E = Time spent auto-exploring this place.
 F = Levels seen in this place.
 G = Mean time per level.
                   A        B        C        D        E       F      G
               +--------+--------+--------+--------+--------+-----+--------+
         Total |   1513 |   1387 |    126 |     68 |   1097 |   2 |  756.5 |
       Dungeon |   1513 |   1387 |    126 |     68 |   1097 |   2 |  756.5 |
               +--------+--------+--------+--------+--------+-----+--------+

Top non-repeatable levels by time:
     D:1: 941 daAuts
     D:2: 571 daAuts
